 Dungeon Crawl Stone Soup version 0.20.1-1-g8b1a95d (webtiles) character file.

15716 Monsterracer the Grappler (level 12, -4/100 HPs)
             Began as a Yellow Draconian Transmuter on Sept 8, 2017.
             Was a High Priest of Okawaru.
             Slain by a spiny frog (19 damage)
             ... on level 2 of the Lair of Beasts.
             The game lasted 00:34:51 (17137 turns).

Monsterracer the Grappler (DrTm)                   Turns: 17137, Time: 00:34:51

Health: -4/100     AC: 11    Str: 14    XL:     12   Next: 3%
Magic:  9/17       EV: 16    Int: 18    God:    Okawaru [*****.]
Gold:   601        SH:  0    Dex: 14    Spells: 2/15 levels left

rFire    . . .     SeeInvis .     - Unarmed
rCold    . . .     Gourm    .   (shield currently unavailable)
rNeg     . . .     Faith    .   (armour unavailable)
rPois    +         Spirit   .   (helmet restricted)
rElec    .         Reflect  .   w - +1 cloak
rCorr    +         Harm     .   (gloves currently unavailable)
MR       .....                  t - +0 pair of boots
Stlth    +.........             (no amulet)
Regen    0.3/turn               i - ring of poison resistance
MPRegen  0.2/turn               z - +3 ring of dexterity

@: short of breath, blade hands
A: spit acid, acid resistance, unfitting armour, cold-blooded, AC +8
a: Breathe Acid, End Transformation, Heroism, Finesse, Renounce Religion


You were on level 2 of the Lair of Beasts.
You worshipped Okawaru.
Okawaru was extremely pleased with you.
You were not hungry.
You had blades for hands.
You visited 3 branches of the dungeon, and saw 13 of its levels.

You collected 649 gold pieces.
You spent 48 gold pieces at shops.

Inventory:

Hand Weapons
 b - the +5 quarterstaff "Axistrid" {crush, *Slow rF+++ MR+ Stlth+, !a}
   (Okawaru gifted it to you on level 10 of the Dungeon)

   It inflicts extra damage upon your enemies.
   It renders you almost immune to fire.
   It affects your resistance to hostile enchantments.
   It may slow you when you take damage.
   It makes you more stealthy.
Missiles
 a - 149 arrows
 f - 2 throwing nets (quivered)
Armour
 t - a +0 pair of boots (worn)
 w - a +1 cloak (worn)
 y - a +1 shield of resistance
Jewellery
 i - a ring of poison resistance (left scythe-like blade)
 m - an uncursed ring of fire
 s - an uncursed ring of see invisible
 z - a +3 ring of dexterity (right scythe-like blade)
Wands
 p - a wand of lightning (9/15)
 B - a wand of digging (18/24)
Scrolls
 d - 4 scrolls of teleportation
 e - 3 scrolls of magic mapping
 g - 8 scrolls of remove curse
 h - a scroll of recharging
 j - 2 scrolls of amnesia
 E - a scroll of blinking
Potions
 k - a potion of invisibility
 l - 2 potions of curing
 n - 2 potions of lignification
 o - 2 potions of might
 q - a potion of brilliance
 r - 2 potions of cancellation
 u - 3 potions of mutation
 v - a potion of flight
 x - a potion of heal wounds
 C - a potion of ambrosia {unknown}
Books
 D - a book of Minor Magic

   Spells                             Type                      Level
   a - Magic Dart                     Conjuration                  1
   b - Blink                          Translocation                2
   c - Call Imp                       Summoning                    2
   d - Slow                           Hexes                        2
   e - Conjure Flame                  Conjuration/Fire             3
   f - Mephitic Cloud                 Conjuration/Poison/Air       3
Comestibles
 c - 7 bread rations
 A - a royal jelly
 F - a meat ration


   Skills:
 + Level 7.2 Fighting
 + Level 6.5 Dodging
 * Level 11.5 Unarmed Combat
 + Level 2.0 Spellcasting
 + Level 2.0 Translocations
 + Level 10.6 Transmutations
 - Level 3.0 Ice Magic
 + Level 7.7 Invocations


You had 2 spell levels left.
You knew the following spells:

 Your Spells              Type           Power        Failure   Level  Hunger
a - Ice Form              Ice/Tmut       ####....     47%         4    #####..
b - Sticks to Snakes      Tmut           #####...     11%         2    ###....
d - Blade Hands           Tmut           #####.....   36%         5    ######.
e - Blink                 Tloc           N/A          50%         2    ###....


Dungeon Overview and Level Annotations

Branches:
Dungeon (10/15)            Temple (1/1) D:4            Lair (2/6) D:9
  Swamp: Lair:2-4    Shoals: Lair:2-4     Snake: Lair:2-4    Spider: Lair:2-4
    Orc: D:9-12

Altars:
Ashenzari
Cheibriados
Dithmenos
Elyvilon
Fedhas
Gozag
Hepliaklqana
Kikubaaqudgha
Makhleb
Nemelex Xobeh
Okawaru
Qazlal
Ru
Sif Muna
Trog
Uskayaw
Vehumet
Xom
Yredelemnul
Zin
The Shining One

Shops:
D:6 *   D:9 ?


Innate Abilities, Weirdness & Mutations

You can spit globs of acid.
You are resistant to acid.
Your golden yellow scales are hard. (AC +8)
You cannot fit into any form of body armour.
You are cold-blooded and may be slowed by cold attacks.


Message History

The spiny frog is heavily wounded.
The spiny frog closely misses you.
You hit the spiny frog. You tail-slap the spiny frog.
The spiny frog is severely wounded.
Your hands revert to their normal proportions.
The spiny frog stings you!
* * * LOW HITPOINT WARNING * * *
Huge Dmg: -15%(-15hp) hp: 24%(24hp)
You closely miss the spiny frog.
The spiny frog is severely wounded.
The spiny frog stings you!
* * * LOW HITPOINT WARNING * * *
Huge Dmg: -9%(-9hp) hp: 15%(15hp)
You can't do that yet.
Unknown command.
Casting: Blade Hands
Confirm with . or Enter, or press ? or * to list all spells.
Your hands turn into razor-sharp scythe blades.
The spiny frog stings you!!
You die...

#.# .. ..
.. ... .#
...#
##.##....
#........
#........
##F...#
.P#
#.@.###
.....
#...#
....>
#..###
.P...
##...#
.P.......
##..##
.........
##..#
#....##.
#..P#
#...##P.
##.##
#.......
#..#
###.P..P..


You could see a spiny frog.

Vanquished Creatures
  3 two-headed ogres (D:8)
  The ghost of manon the Basher, a novice GrFi of Cheibriados (D:8)
  Joseph (D:8)
  A centaur skeleton (D:10)
  A spiny frog (Lair:1)
  A hornet (D:8)
  Prince Ribbit (D:7)
  Grinder (D:6)
  7 blink frogs (Lair:1)
  3 hippogriffs
  4 slime creatures (D:9)
  A spriggan (D:7)
  8 yaks
  A wyvern (D:10)
  A hungry ghost (D:9)
  Edmund (D:5)
  3 wargs (D:9)
  2 water moccasins
  3 porcupines (Lair:1)
  3 ice beasts
  8 orc warriors
  3 necrophages
  A black bear (D:7)
  7 ogres
  2 phantoms
  3 centaurs
  3 crocodiles
  A big kobold (D:8)
  11 bullfrogs
  A gnoll sergeant (D:5)
  A wyvern zombie (D:10)
  A wyvern skeleton (D:10)
  3 scorpions
  A water moccasin skeleton (D:4)
  15 killer bees
  4 wights (D:8)
  3 howler monkeys (D:9)
  8 crimson imps
  A jelly (D:6)
  A bullfrog skeleton (D:5)
  3 hounds
  7 orc priests
  7 gnoll shamans
  An iron imp (D:9)
  4 iguanas
  7 orc wizards
  8 worker ants
  A hound zombie (D:8)
  A howler monkey zombie (D:7)
  3 worker ant zombies
  A howler monkey skeleton (D:5)
  10 adders
  38 gnolls
  4 shadow imps
  An adder zombie (D:8)
  An adder skeleton (D:6)
  4 dart slugs
  6 leopard geckos
  43 orcs
  4 giant cockroaches
  4 hobgoblins
  29 jackals
  12 kobolds
  6 quokkas
  3 ball pythons
  4 bats
  2 frilled lizards
  4 goblins
  A goblin zombie (D:9)
  2 hobgoblin zombies (D:9)
  A jackal skeleton (D:4)
  A kobold skeleton (D:9)
  An orc skeleton (D:9)
  2 orc zombies (D:9)
  11 rats
362 creatures vanquished.

Vanquished Creatures (collateral kills)
  The ghost of wnhky the Sneak, an amateur SpEn (D:4)
1 creature vanquished.

Vanquished Creatures (others)
  3 fungi
3 creatures vanquished.

Grand Total: 366 creatures vanquished

Notes
Turn   | Place    | Note
-------+----------+-------------------------------------------
     0 | D:1      | Monsterracer the Draconian Transmuter began the quest for the Orb.
     0 | D:1      | Reached XP level 1. HP: 16/16 MP: 3/3
   268 | D:1      | Reached XP level 2. HP: 19/23 MP: 3/5
   328 | D:1      | Learned a level 2 spell: Sticks to Snakes
  1092 | D:2      | Found a faded altar of an unknown god.
  1104 | D:2      | Reached XP level 3. HP: 24/28 MP: 4/6
  1109 | D:2      | Learned a level 3 spell: Spider Form
  1114 | D:2      | Became a worshipper of the Shining One
  1114 | D:2      | Reached * piety under the Shining One
  1156 | D:2      | Found a white marble altar of Elyvilon.
  1695 | D:3      | HP: 12/28 [orc priest/divine providence (16)]
  1994 | D:3      | HP: 8/28 [orc priest/trident (7)]
  1996 | D:3      | Reached skill level 4 in Unarmed Combat
  1996 | D:3      | Reached XP level 4. HP: 15/35 MP: 3/7
  2769 | D:3      | Found a deep blue altar of Sif Muna.
  2844 | D:4      | HP: 16/35 [water moccasin skeleton (3)]
  2849 | D:4      | HP: 16/35 [water moccasin skeleton (1)]
  2850 | D:4      | Reached XP level 5. HP: 30/40 MP: 4/8
  3142 | D:4      | Found a staircase to the Ecumenical Temple.
  3159 | Temple   | Entered the Ecumenical Temple
  3216 | Temple   | Fell from the grace of the Shining One
  3216 | Temple   | Became a worshipper of Warmaster Okawaru
  3466 | D:4      | Noticed wnhky's ghost (amateur SpEn)
  3539 | D:4      | HP: 20/40 [wnhky's ghost (1)]
  3545 | D:4      | HP: 20/40 [wnhky's ghost (1)]
  3553 | D:4      | HP: 20/40 [wnhky's ghost (1)]
  3558 | D:4      | HP: 13/40 [wnhky's ghost (3)]
  3567 | D:4      | HP: 11/40 [wnhky's ghost (2)]
  3822 | D:4      | HP: 20/40 [wnhky's ghost (1)]
  3827 | D:4      | HP: 20/40 [wnhky's ghost (1)]
  3830 | D:4      | Killed wnhky's ghost
  3830 | D:4      | Reached skill level 5 in Unarmed Combat
  4023 | D:4      | Reached XP level 6. HP: 39/47 MP: 9/9
  4026 | D:4      | Reached skill level 5 in Transmutations
  4435 | D:5      | Entered Level 5 of the Dungeon
  4728 | D:5      | Found a shattered altar of Ashenzari.
  4881 | D:5      | Reached * piety under Okawaru
  5002 | D:5      | Your scales start taking on a golden yellow colour.
  5002 | D:5      | Reached XP level 7. HP: 37/52 MP: 7/10
  5010 | D:5      | Reached skill level 6 in Unarmed Combat
  5010 | D:5      | Reached skill level 1 in Invocations
  5028 | D:5      | HP: 23/52 [gnoll shaman/club (7)]
  5038 | D:5      | HP: 16/52 [gnoll/club (5)]
  5077 | D:5      | HP: 14/52 [gnoll (1)]
  5673 | D:5      | Reached ** piety under Okawaru
  5752 | D:5      | Reached XP level 8. HP: 54/61 MP: 5/11
  5783 | D:5      | Learned a level 5 spell: Blade Hands
  5972 | D:5      | HP: 29/62 [gnoll shaman/whip (4)]
  5989 | D:5      | HP: 27/62 [gnoll shaman/whip (5)]
  5994 | D:5      | HP: 22/62 [jackal (1)]
  6137 | D:5      | Reached skill level 7 in Unarmed Combat
  6882 | D:5      | Noticed Edmund
  6906 | D:5      | HP: 31/62 [Edmund/flail of protection (9)]
  6909 | D:5      | Killed Edmund
  7499 | D:6      | Found Aggaysiq's General Store.
  7508 | D:6      | Found a blossoming altar of Fedhas.
  7512 | D:6      | Found a stormy altar of Qazlal.
  7569 | D:6      | Noticed Grinder
  7587 | D:6      | Killed Grinder
  7587 | D:6      | Reached *** piety under Okawaru
  7956 | D:6      | Reached XP level 9. HP: 67/70 MP: 12/12
  8286 | D:6      | Found a faded altar of an unknown god.
  8286 | D:6      | Found a burning altar of Makhleb.
  8291 | D:6      | Found a basalt altar of Yredelemnul.
  8293 | D:6      | Found a faded altar of an unknown god.
  8295 | D:6      | Found a snail-covered altar of Cheibriados.
  8717 | D:7      | Reached skill level 8 in Unarmed Combat
  8783 | D:7      | HP: 35/71 [shadow imp/nerve-wracking pain (7)]
  8792 | D:7      | HP: 19/71 [ogre/giant club (4)]
  9495 | D:7      | HP: 36/72 [poisoned by a killer bee]
  9500 | D:7      | HP: 19/72 [poisoned by a killer bee]
  9506 | D:7      | HP: 12/72 [poisoned by a killer bee]
  9512 | D:7      | HP: 10/72 [poisoned by a killer bee]
  9519 | D:7      | HP: 10/72 [poisoned by a killer bee]
  9527 | D:7      | HP: 9/72 [poisoned by a killer bee]
  9927 | D:7      | Noticed Prince Ribbit
  9929 | D:7      | Reached **** piety under Okawaru
  9938 | D:7      | Killed Prince Ribbit
  9947 | D:7      | Reached skill level 5 in Invocations
 10254 | D:7      | Found a shadowy altar of Dithmenos.
 10382 | D:7      | Reached skill level 9 in Unarmed Combat
 10382 | D:7      | Reached XP level 10. HP: 54/80 MP: 10/13
 10743 | D:8      | Noticed a two-headed ogre
 10784 | D:8      | Noticed a two-headed ogre
 10792 | D:8      | HP: 40/80 [two-headed ogre/giant spiked club (26)]
 10814 | D:8      | Killed a two-headed ogre
 10814 | D:8      | Reached skill level 5 in Fighting
 11023 | D:8      | Noticed a two-headed ogre
 11034 | D:8      | Killed a two-headed ogre
 11034 | D:8      | Reached skill level 5 in Dodging
 11044 | D:8      | HP: 33/81 [killer bee (8)]
 11050 | D:8      | HP: 32/81 [poisoned by a killer bee]
 11055 | D:8      | HP: 31/81 [poisoned by a killer bee]
 11062 | D:8      | HP: 30/81 [poisoned by a killer bee]
 11067 | D:8      | HP: 24/81 [killer bee (3)]
 11069 | D:8      | Noticed manon's ghost (novice GrFi)
 11340 | D:9      | Found a glowing golden altar of the Shining One.
 11449 | D:9      | Reached ***** piety under Okawaru
 11900 | D:8      | Killed a two-headed ogre
 11900 | D:8      | Received a gift from Okawaru
 11900 | D:8      | Reached skill level 10 in Unarmed Combat
 11908 | D:8      | HP: 31/83 [orc warrior/trident (13)]
 11944 | D:8      | HP: 36/83 [crimson imp (3)]
 11982 | D:7      | Reached skill level 10 in Transmutations
 12156 | D:8      | HP: 24/83 [manon's ghost (19)]
 12159 | D:8      | HP: 8/83 [manon's ghost (16)]
 12161 | D:8      | Killed manon's ghost
 12161 | D:8      | Reached XP level 11. HP: 9/89 MP: 3/15
 12494 | D:8      | Noticed Joseph
 12505 | D:8      | HP: 41/89 [Joseph/uncursed quarterstaff (10)]
 12506 | D:8      | Killed Joseph
 12622 | D:8      | Learned a level 4 spell: Ice Form
 13672 | D:9      | Reached skill level 1 in Ice Magic
 14364 | D:9      | Found Boezoum's Magic Scroll Emporium.
 14370 | D:9      | Bought a scroll of teleportation for 48 gold pieces
 14494 | D:9      | Found a staircase to the Lair.
 14830 | D:10     | Entered Level 10 of the Dungeon
 15101 | D:10     | Learned a level 2 spell: Blink
 15341 | D:10     | Received a gift from Okawaru
 15341 | D:10     | Reached skill level 11 in Unarmed Combat
 15344 | D:10     | Got an ebony quarterstaff {god gift}
 15345 | D:10     | Identified the +5 quarterstaff "Axistrid" {crush, *Slow rF+++ MR+ Stlth+} (Okawaru gifted it to you on level 10 of the Dungeon)
 15687 | D:9      | Reached skill level 1 in Translocations
 15706 | Lair:1   | Entered Level 1 of the Lair of Beasts
 15918 | Lair:1   | HP: 46/92 [yak (2)]
 15923 | Lair:1   | HP: 40/92 [blink frog (7)]
 16837 | Lair:1   | HP: 43/92 [hippogriff (5)]
 16842 | Lair:1   | Reached XP level 12. HP: 45/100 MP: 15/17
 16844 | Lair:1   | HP: 40/100 [hippogriff (6)]
 16855 | Lair:2   | HP: 41/100 [yak (2)]
 17129 | Lair:2   | HP: 43/100 [spiny frog (19)]
 17134 | Lair:2   | HP: 24/100 [spiny frog (16)]
 17137 | Lair:2   | Slain by a spiny frog

Skill      XL: |  1  2  3  4  5  6  7  8  9 10 11 12 |
---------------+-------------------------------------+-----
Transmutations | 3 4 5 6 7 8 10 | 10.6
Unarmed Combat | 4 5 6 7 9 10 11 | 11.5
Invocations    | 2 3 5 6 7 |  7.7
Dodging        | 2 3 4 5 6 |  6.5
Fighting       | 2 3 4 6 7 |  7.2
Ice Magic      | 2 3 |  3.0
Translocations | 2 |  2.0
Spellcasting   | |  2.0

Action                   |  1- 3 |  4- 6 |  7- 9 | 10-12 || total
-------------------------+-------+-------+-------+-------++-------
Melee: Unarmed           |    92 |   215 |   438 |   461 ||  1206
       Kick              |     5 |       |       |       ||     5
       Tailslap          |     8 |    13 |    16 |    53 ||    90
       Punch             |     2 |     1 |     8 |    16 ||    27
       Headbutt          |       |     2 |       |       ||     2
 Cast: Beastly Appendage |    10 |     3 |       |       ||    13
       Spider Form       |     3 |    11 |    31 |     4 ||    49
       Sticks to Snakes  |       |     7 |       |       ||     7
       Blade Hands       |       |       |     5 |    39 ||    44
       Blink             |       |       |       |     1 ||     1
Invok: Heroism           |       |       |     3 |     3 ||     6
       Finesse           |       |       |       |     1 ||     1
 Abil: Breathe Acid      |       |       |     7 |    15 ||    22
  Use: Scroll            |       |    13 |     5 |     6 ||    24
       Potion            |       |       |     1 |     1 ||     2
 Stab: Sleeping          |       |       |       |     1 ||     1
  Eat: Chunk             |     4 |     2 |    18 |    32 ||    56
       Meat ration       |       |     1 |       |       ||     1
       Bread ration      |       |     1 |     1 |     2 ||     4
       Fruit             |       |       |     3 |     1 ||     4
Armor: Skin              |    23 |    53 |    67 |    93 ||   236
Dodge: Dodged            |    49 |   137 |   327 |   286 ||   799
